 Dungeon Crawl Stone Soup version 0.15-a0-963-gb693d2a (webtiles) character file.

301 Iamburgie the Cudgeler (level 6, -3/37 HPs)
             Began as a Gargoyle Fighter on May 22, 2014.
             Was an Initiate of the Shining One.
             Slain by a goliath beetle (16 damage)
             ... on Level 3 of the Dungeon.
             The game lasted 00:08:27 (2261 turns).

Iamburgie the Cudgeler (Gargoyle Fighter)           Turns: 2261, Time: 00:08:28

HP  -3/37        AC 12     Str 19      XL: 6   Next: 37%
MP   6/6         EV  8     Int  9      God: the Shining One [......]
Gold 143         SH  0     Dex 11      Spells:  0 memorised,  5 levels left

rFire  . . .     SeeInvis .     a - +0 flail
rCold  . . .     Clarity  .     b - +1 scale mail
rNeg   + . .     Conserve .     (no shield)
rPois  +         rCorr    .     (no helmet)
rElec  +         rRot     +     (no cloak)
SustAb .         Spirit   .     (no gloves)
rMut   .         Warding  .     (no boots)
Gourm  .         Stasis   .     (no amulet)
MR     .....                    (no ring)
                                (no ring)

@: not resistant to hostile enchantments, extremely unstealthy
A: life protection 1, electricity resistance, unbreathing, petrification
resistance, AC +4
a: Renounce Religion


You were on level 3 of the Dungeon.
You worshipped the Shining One.
The Shining One was noncommittal.
You were hungry.

You visited 1 branch of the dungeon, and saw 3 of its levels.

You collected 143 gold pieces.

Inventory:

Hand weapons
 a - a +0,+0 flail (weapon)
Armour
 b - a +1 scale mail (worn)
 c - a +0 shield
 u - a +0 pair of boots
Magical devices
 n - a wand of hasting (2)
 p - a wand of confusion (12)
 r - a wand of polymorph (12)
Comestibles
 d - 4 bread rations
 q - a meat ration
Scrolls
 g - 5 scrolls of identify {unknown}
 h - 2 scrolls of enchant armour
 m - 2 scrolls of teleportation
 s - a scroll of fear
Jewellery
 v - a cursed amulet of inaccuracy {unknown}
Potions
 e - 4 potions of might
 f - a potion of magic {unknown}
 i - a potion of heal wounds {unknown}
 j - a potion of curing {unknown}
 k - 2 potions of agility {unknown}
 l - a potion of cure mutation {unknown}
 o - a potion of decay {unknown}
 t - 2 potions of paralysis {unknown}
 x - a potion of degeneration {unknown}
 z - 2 potions of poison {unknown}


   Skills:
 - Level 3.2 Fighting
 + Level 7.2 Maces & Flails
 - Level 3.2 Armour
 - Level 3.2 Shields


You had 5 spell levels left.
You didn't know any spells.

Dungeon Overview and Level Annotations

Branches:
Dungeon (3/15)

Altars:
Kikubaaqudgha
Okawaru
The Shining One


Innate Abilities, Weirdness & Mutations

You are resistant to torment.
You are immune to poison.
You are immune to rotting.
Your stone body is very resilient (AC +4).
You resist negative energy.
You are resistant to electric shocks.
You can survive without breathing.
You are immune to petrification.


Message History

You hit the orc.
You kill the orc!
You closely miss the orc. The orc hits you with a mace.
The goliath beetle bites you.
You closely miss the orc. The orc hits you but does no damage.
You closely miss the orc. The goliath beetle bites you!
The orc hits you but does no damage.
You hit the orc.
You kill the orc!
You hit the orc.
The orc is lightly wounded.
The orc hits you with a club.
The goliath beetle bites you but does no damage.
You hit the orc.
The orc is severely wounded.
The orc hits you but does no damage.
You sock the orc!
You kill the orc!
The goliath beetle bites you!
You die...

########........#....B....
#........#........
#........#....?...
#[.......#........
####.#####.....(.
#.#####...... #...........
#B#####... #@# #)# #.# ...
#.# #.# #.# #.# #.#


You could see a goliath beetle.

Vanquished Creatures
  Sigmund (D:3)
  A scorpion (D:3)
  An orc wizard (D:3)
  Jessica (D:2)
  Terence (D:2)
  3 adders (D:2)
  2 giant mites (D:1)
  A worm (D:2)
  5 giant geckos
  An ooze (D:3)
  7 orcs (D:3)
  6 bats
  4 giant cockroaches
  4 goblins
  5 hobgoblins
  4 jackals (D:2)
  2 giant newts
  8 kobolds
  A quokka (D:2)
  12 rats
70 creatures vanquished.

Notes
Turn   | Place    | Note
--------------------------------------------------------------
     0 | D:1      | Iamburgie, the Gargoyle Fighter, began the quest for the Orb.
     0 | D:1      | Reached XP level 1. HP: 14/14 MP: 1/1
   287 | D:1      | Reached XP level 2. HP: 14/19 MP: 2/2
   427 | D:1      | Reached XP level 3. HP: 21/23 MP: 3/3
   587 | D:1      | Reached skill level 4 in Maces & Flails
   885 | D:2      | Noticed Jessica
   894 | D:2      | Killed Jessica
   894 | D:2      | Reached XP level 4. HP: 23/28 MP: 4/4
  1006 | D:2      | Reached skill level 5 in Maces & Flails
  1144 | D:2      | Noticed Terence
  1247 | D:2      | Killed Terence
  1281 | D:2      | Reached XP level 5. HP: 32/32 MP: 5/5
  1819 | D:3      | Reached skill level 6 in Maces & Flails
  1965 | D:3      | Found a glowing golden altar of the Shining One.
  1967 | D:3      | Found an iron altar of Okawaru.
  1967 | D:3      | Noticed Sigmund
  1969 | D:3      | Found an ancient bone altar of Kikubaaqudgha.
  2014 | D:3      | Killed Sigmund
  2014 | D:3      | Reached skill level 7 in Maces & Flails
  2014 | D:3      | Reached XP level 6. HP: 16/37 MP: 6/6
  2070 | D:3      | Became a worshipper of the Shining One
  2261 | D:3      | Slain by a goliath beetle

Action                   |  1- 3 |  4- 6 || total
-------------------------+-------+-------++-------
Melee: Flail             |    82 |   139 ||   221
Evoke: Wand              |       |     3 ||     3
  Use: Scroll            |       |     6 ||     6
